 Dungeon Crawl Stone Soup version 0.24.0-125-gc4c63601f3 (webtiles) character file.

Game seed: 5444009586270955707, levelgen mode: deterministic

674 Curus the Cudgeler (level 7, 0/57 HPs)
             Began as a Minotaur Abyssal Knight on Mar 7, 2020.
             Was an Elder of Lugonu.
             Slain by an ogre
             ... wielding a +0 giant club
              (21 damage)
             ... on level 4 of the Dungeon.
             The game lasted 00:14:21 (3311 turns).

Curus the Cudgeler (Minotaur Abyssal Knight)        Turns: 3311, Time: 00:14:21

Health: 0/57       AC: 14    Str: 19 (20) XL:     7   Next: 33%
Magic:  10/10      EV:  6    Int: 11      God:    Lugonu [****..]
Gold:   257        SH:  0    Dex: 10 (11) Spells: 6/6 levels left

rFire    . . .     SeeInvis .   s - +2 flail (venom)
rCold    . . .     Gourm    .   (no shield)
rNeg     . . .     Faith    .   h - +1 plate armour
rPois    .         Spirit   .   (helmet restricted)
rElec    .         Reflect  .   (no cloak)
rCorr    .         Harm     .   (no gloves)
MR       .....                  (no boots)
Stlth    ..........             (no amulet)
HPRegen  0.19/turn              i - +3 ring of strength
MPRegen  0.12/turn              (no ring)

@: no status effects
A: retaliatory headbutt, horns 2, yellow scales 1, clever 1, MP-powered wands
a: Depart the Abyss, Bend Space, Banish, Corrupt, Renounce Religion


You were on level 4 of the Dungeon.
You worshipped Lugonu.
Lugonu was greatly pleased with you.
You were very hungry.

You visited 1 branch of the dungeon, and saw 4 of its levels.
You visited the Abyss 1 time.
You also visited: Ossuary.

You collected 257 gold pieces.

Inventory:

Hand Weapons
 a - a +1 mace
 g - a +2 whip of holy wrath
 l - a +1 flail of protection
 s - a +2 flail of venom (weapon)
 t - a +0 morningstar
Armour
 b - a +0 leather armour
 d - a +1 ring mail
 h - a +1 plate armour (worn)
Jewellery
 i - a +3 ring of strength (left hand)
 j - an uncursed ring of attention
Wands
 n - a wand of iceblast (5)
Scrolls
 f - 7 scrolls of identify
 k - 2 scrolls of teleportation
 u - a scroll of remove curse
Potions
 e - 2 potions of heal wounds
 o - 2 potions of flight
 p - a potion of degeneration
 q - a potion of berserk rage
 r - a potion of haste
Comestibles
 c - 4 rations


   Skills:
 - Level 3.6 Fighting
 + Level 7.2 Maces & Flails
 - Level 2.4 Armour
 - Level 1.1 Dodging
 + Level 5.9 Invocations


You had 6 spell levels left.
You didn't know any spells.
Your spell library was empty.

Dungeon Overview and Level Annotations

Branches:
Dungeon (4/15)             Temple (0/1) D:4         Ossuary (visited)

Altars:
Sif Muna
Vehumet
Xom
Yredelemnul


Innate Abilities, Weirdness & Mutations

You reflexively headbutt those who attack you in melee.
You have a pair of horns on your head.
You are partially covered in yellow scales. (AC +2)
Your mind is acute. (Int +2)
You expend magic power (3 MP) to strengthen your wands.


Message History

An ogre comes into view. It is wielding a +0 giant club.
The ogre shouts!
You hear a shout! x2
An orc comes into view. It is wielding a +0 club.
There is an open door here.
You thump the ogre!
The ogre is poisoned.
Your headbutt misses the ogre.
The ogre is moderately wounded.
A kobold comes into view. It is wielding a +0 club.
The ogre hits you with a +0 giant club.
You barely miss the ogre.
You headbutt the ogre, but do no damage.
The ogre is moderately wounded.
The ogre hits you with a +0 giant club.
Your plate armour prevents you from hitting the ogre.
You headbutt the ogre!
The ogre is severely wounded.
The ogre hits you with a +0 giant club!!
You barely miss the ogre.
The ogre is severely wounded.
The ogre hits you with a +0 giant club!!
You die...

≈≈≈≈≈≈≈≈≈......≈≈≈≈≈≈≈≈≈≈≈≈≈≈≈≈≈≈
≈≈≈≈≈≈≈≈≈..(..≈≈≈≈≈≈≈≈≈≈≈≈≈≈≈≈≈≈≈
≈≈≈≈≈≈≈≈≈≈....≈≈≈≈≈≈≈≈≈≈≈≈≈≈≈≈≈≈≈
###########''####################
.#.......#.(..# .'.).....#.().#
.#########....#########.
........#..(...#........
........'......'@Oo.K...
........#......#........
.#########....#########.
.'...)((.#....# .#.......#....#
###############


You could see an ogre, an orc and a kobold.

Vanquished Creatures
  A big kobold (D:4)
  A bullfrog (D:3)
  A crimson imp (D:3)
  3 orc wizards
  2 orc priests
  Ijyb (D:3)
  A worker ant (D:4)
  3 big kobold zombies (Ossuary)
  2 mummies (Ossuary)
  6 adders
  An ooze (D:2)
  4 adder zombies (Ossuary)
  3 worms
  4 dart slugs
  A leopard gecko (D:1)
  20 orcs
  6 giant cockroaches
  6 gnoll zombies (Ossuary)
  4 goblins
  8 hobgoblins
  3 jackals (D:2)
  30 kobolds
  3 quokkas
  8 bats
  A frilled lizard (D:4)
  A goblin zombie (D:4)
  5 hobgoblin zombies (Ossuary)
  4 kobold zombies (Ossuary)
  A leopard gecko zombie (D:2)
  3 orc zombies (Ossuary)
  A quokka zombie (D:4)
  4 rats
142 creatures vanquished.

Notes
Turn   | Place    | Note
-------+----------+-------------------------------------------
     0 | Abyss:1  | Curus the Minotaur Abyssal Knight began the quest for the
                  | Orb.
     0 | Abyss:1  | Reached XP level 1. HP: 19/19 MP: 1/1
    51 | Abyss:1  | Noticed a tormentor
    53 | Abyss:1  | Noticed a thrashing horror
    54 | D:1      | Escaped the Abyss
   126 | D:1      | Reached * piety under Lugonu
   160 | D:1      | Reached skill level 3 in Maces & Flails
   160 | D:1      | Reached XP level 2. HP: 25/26 MP: 2/2
   403 | D:1      | Reached XP level 3. HP: 26/31 MP: 2/4
   750 | D:2      | Found a faded altar of an unknown god.
   826 | D:2      | Reached skill level 4 in Maces & Flails
   905 | D:2      | Reached XP level 4. HP: 39/39 MP: 5/5
   982 | D:2      | Found a shimmering altar of Xom.
  1277 | D:2      | Reached ** piety under Lugonu
  1283 | D:2      | Found a basalt altar of Yredelemnul.
  1641 | D:3      | Reached XP level 5. HP: 26/45 MP: 6/6
  1660 | D:3      | Reached skill level 5 in Maces & Flails
  1909 | D:3      | Reached XP level 6. HP: 51/51 MP: 8/8
  2119 | D:3      | Noticed Ijyb
  2130 | D:3      | Killed Ijyb
  2135 | D:3      | Gained mutation: You expend magic power (3 MP) to
                  | strengthen your wands. [potion of mutation]
  2135 | D:3      | Gained mutation: You do not regenerate when monsters are
                  | visible. [potion of mutation]
  2135 | D:3      | Gained mutation: Your flesh is cold resistant. (rC+)
                  | [potion of mutation]
  2135 | D:3      | Gained mutation: You have large cloven feet. [potion of
                  | mutation]
  2231 | D:4      | Found a sand-covered staircase.
  2241 | Ossuary  | Entered an ossuary
  2275 | Ossuary  | Reached skill level 6 in Maces & Flails
  2304 | Ossuary  | Reached skill level 5 in Invocations
  2361 | Ossuary  | Reached *** piety under Lugonu
  2445 | D:4      | Found a staircase to the Ecumenical Temple.
  2479 | D:4      | Reached XP level 7. HP: 17/57 MP: 10/10
  3066 | D:4      | Reached skill level 7 in Maces & Flails
  3128 | D:4      | Found a radiant altar of Vehumet.
  3129 | D:4      | Found a shimmering blue altar of Sif Muna.
  3173 | D:3      | Lost mutation: Your flesh is cold resistant. (rC+) [potion
                  | of mutation]
  3173 | D:3      | Lost mutation: You do not regenerate when monsters are
                  | visible. [potion of mutation]
  3173 | D:3      | Lost mutation: You have large cloven feet. [potion of
                  | mutation]
  3173 | D:3      | Gained mutation: You are partially covered in yellow
                  | scales. (AC +2) [potion of mutation]
  3173 | D:3      | Gained mutation: Your mind is acute. (Int +2) [potion of
                  | mutation]
  3218 | D:4      | Reached **** piety under Lugonu
  3311 | D:4      | Slain by an ogre

Levels and vault maps discovered:
D:1:      dpeg_arrival_chase, layout_loops_ring
D:2:      layout_loops_cross, lemuel_crystal_altar,
          lemuel_coloured_pillars_altar, chequers_ecumenical_altar_island,
          nicolae_underground_beach
D:3:      layout_basic, uniq_ijyb
D:4:      minmay_goblin_kobold_castle, layout_rooms, grunt_temple_overflow_open,
          minmay_temple_entry_large_hall, enter_ossuary_4, first_ration,
          minmay_manual_mandibuliform

Skill      XL: |  1  2  3  4  5  6  7 |
---------------+----------------------+-----
Invocations    | 2 3 4 5 |  5.9
Maces & Flails | 3 4 5 6 7 |  7.2
Fighting       | |  3.6
Armour         | |  2.4
Dodging        | |  1.1

Action                   |  1- 3 |  4- 6 |  7- 9 || total
-------------------------+-------+-------+-------++-------
Melee: Mace              |    35 |       |       ||    35
       Headbutt          |    17 |    36 |     8 ||    61
       Whip              |    64 |    29 |       ||    93
       Flail             |       |   151 |    77 ||   228
       Kick              |       |    37 |     4 ||    41
Invok: Depart the Abyss  |     1 |       |       ||     1
  Use: Scroll            |     7 |     3 |       ||    10
       Potion            |     4 |     7 |     1 ||    12
 Stab: Invisible         |       |     1 |       ||     1
  Eat: Chunk             |       |     5 |     2 ||     7
Armor: Ring mail         |    23 |       |       ||    23
       Plate armour      |    19 |   101 |    67 ||   187
Dodge: Dodged            |    48 |    48 |    29 ||   125
